 Dungeon Crawl Stone Soup version 0.29-a0-82-g837932c90e (webtiles) character file.

Game seed: 11714834164968438799

39 testman the Charlatan (level 3, 0/42 HPs)
             Began as a Gnoll Wanderer on Feb 4, 2022.
             Was a Believer of Lugonu.
             Succumbed to an adder's poison
             ... on level 1 of the Dungeon.
             The game lasted 00:03:05 (1623 turns).

testman the Charlatan (Gnoll Wanderer)              Turns: 1623, Time: 00:03:05

Health: 0/42       AC:  2    Str: 11    XL:     3   Next: 47%
Magic:  7/7        EV: 12    Int: 13    God:    Lugonu [**....]
Gold:   0          SH:  0    Dex: 11    Spells: 3/7 levels left

rFire   . . .      SeeInvis .   a - +2 dagger
rCold   . . .      Faith    .   (no shield)
rNeg    . . .      Spirit   .   d - +0 robe
rPois   .          Reflect  .   (no helmet)
rElec   .          Harm     .   (no cloak)
rCorr   .          Rampage  .   (no gloves)
Will    .....                   (no boots)
Stlth   ..........              (no amulet)
HPRegen 0.14/turn               (no ring)
MPRegen 0.10/turn               (no ring)

@: berserking, lethally poisoned (0 -> -1), very quick
A: fangs 1, strong nose, distributed training
a: Renounce Religion, Depart the Abyss, Bend Space


You were on level 1 of the Dungeon.
You worshipped Lugonu.
Lugonu was pleased with you.
You visited 1 branch of the dungeon, and saw 2 of its levels.

Inventory:

Hand Weapons
 a - a +2 dagger (weapon)
Missiles
 b - 2 curare-tipped darts
 e - 45 stones
 i - 2 boomerangs (quivered)
Armour
 d - a +0 robe (worn)
Wands
 c - a wand of polymorph (6)
Scrolls
 h - 2 scrolls of identify {unknown}
 j - a scroll of vulnerability {unknown}
 k - a scroll of summoning {unknown}
Potions
 g - a potion of degeneration {unknown}


   Skills:
 + Level 2.6 Fighting
 + Level 0.8 Short Blades
 + Level 0.8 Long Blades
 + Level 0.8 Axes
 + Level 0.8 Maces & Flails
 + Level 0.8 Polearms
 + Level 0.8 Staves
 + Level 0.8 Slings
 + Level 0.8 Bows
 + Level 0.8 Crossbows
 + Level 4.5 Throwing
 + Level 2.6 Armour
 + Level 2.6 Dodging
 + Level 0.8 Stealth
 + Level 0.8 Shields
 + Level 0.8 Unarmed Combat
 + Level 2.8 Spellcasting
 + Level 0.5 Conjurations
 + Level 0.5 Hexes
 + Level 0.5 Summonings
 + Level 0.5 Necromancy
 + Level 3.7 Translocations
 + Level 0.5 Transmutations
 + Level 0.5 Fire Magic
 + Level 0.5 Ice Magic
 + Level 0.5 Air Magic
 + Level 0.5 Earth Magic
 + Level 0.5 Poison Magic
 + Level 1.0 Invocations
 + Level 4.5 Evocations


You had 3 spell levels left.
You knew the following spells:

 Your Spells              Type           Power      Damage    Failure   Level
a - Apportation           Tloc           22%        N/A       4%          1
b - Lesser Beckoning      Tloc           11%        N/A       14%         3

Your spell library contained the following spells:

 Spells                   Type           Power      Damage    Failure   Level


Dungeon Overview and Level Annotations

Branches:
Dungeon (2/15)

Altars:
Lugonu

Shops:
D:1 *


Innate Abilities, Weirdness & Mutations

You have very sharp teeth.
Your uncanny sense of smell can sniff out nearby items.
Your experience applies equally to all skills.


Message History

The giant cockroach closely misses you.
You feel sick. The dart slug launches a dart at you. The slug dart misses you.
The adder bites you but does no damage.
You feel sick. The giant cockroach barely misses you. The kobold misses you.
The giant cockroach closely misses you.
You feel sick.
The kobold throws a stone.
The stone hits you.
There is a stone staircase leading up here.
You feel sick. The adder bites you.
* * * LOW HITPOINT WARNING * * *
You are more poisoned.
The adder poisons you!
The giant cockroach bites you but does no damage.
The adder bites you.
* * * LOW HITPOINT WARNING * * *
You climb upwards.
* * * LOW HITPOINT WARNING * * *
You feel sick.
There is a stone staircase leading down here.
It was a potion of berserk rage.
A red film seems to cover your vision as you go berserk!
You feel yourself moving faster!
You feel mighty!
* * * LOW HITPOINT WARNING * * *
You feel sick.
The giant cockroach completely misses you.
The adder barely misses you.
You hit the adder. You bite the adder.
You kill the adder!
Lugonu accepts your kill. The giant cockroach closely misses you.
Your Invocations skill increases to level 1!
You puncture the giant cockroach!
You kill the giant cockroach!
Lugonu accepts your kill.
* * * LOW HITPOINT WARNING * * *
You feel sick.
You are too berserk!
There is a lethal amount of poison in your body!
You are too berserk!
You die...

#....#####.#.##.###.# #.###
#....#####.#........########.###
####..#......).#.#..............#
......#.#...##.#.......##....####
####.##.#....#.###.###.#.........
# #)##.###.##.# #.#.#.#.....####
# #.##.#......# #.#.#.#.....# #
#....#.########...#.#.....# #
#...........>@....#.#.....#
####..#..............#.#†....#
................#.#..#.#.....#
###..................#.#.....# #
#.#.###.......#.#.##.#.....# #
#.............#.#....#.###### #
###.##..#.....#.............# #
#.##.##.##########.#.####.# #
#.##.............#.#...##.#


There were no monsters in sight!

Vanquished Creatures
  An adder (D:1)
  A dart slug (D:1)
  3 bats (D:1)
  An endoplasm (D:1)
  2 giant cockroaches (D:1)
  2 goblins
  4 hobgoblins (D:1)
  5 kobolds (D:1)
  A quokka (D:1)
  A ball python (D:1)
  2 frilled lizards (D:1)
  5 rats (D:1)
28 creatures vanquished.

Notes
Turn   | Place    | Note
-------+----------+-------------------------------------------
     0 | D:1      | testman the Gnoll Wanderer began the quest for the Orb.
     0 | D:1      | testman set off with the following items: a +2 dagger, 2
                  | curare-tipped darts, a wand of polymorph (6), a +0 robe;
                  | and the following spell memorised: Apportation; and the
                  | following spells available to memorise: Lesser Beckoning
     0 | D:1      | Reached XP level 1. HP: 17/17 MP: 4/4
   278 | D:1      | Reached XP level 2. HP: 5/23 MP: 5/5
   707 | D:1      | Found a faded altar of an unknown god.
   711 | D:1      | Prayed at the altar of an unknown god.
   711 | D:1      | Became a worshipper of Lugonu the Unformed
   711 | D:1      | Reached * piety under Lugonu
   711 | D:1      | Reached ** piety under Lugonu
  1146 | D:1      | Reached XP level 3. HP: 26/28 MP: 7/7
  1150 | D:1      | Learned a level 3 spell: Lesser Beckoning
  1528 | D:1      | Found Idon's General Store.
  1620 | D:1      | HP: 2/42 [poisoned by an adder]
  1622 | D:1      | Reached skill level 1 in Invocations
  1623 | D:1      | Succumbed to an adder's poison

Illustrated notes

Levels and vault maps discovered:
D:1:      dpeg_arrival_three_smaller_balls, layout_basic, serial_shops,
          nicolae_shop_behind_doors, hellmonk_ecumenical_altar_heavens_door
D:2:      layout_loops_ring, basic_altar, minmay_bisected

Skill      XL: |  1  2  3 |
---------------+----------+-----
Invocations    | 1 |  1.0
Fighting       | |  2.6
Short Blades   | |  0.8
Long Blades    | |  0.8
Axes           | |  0.8
Maces & Flails | |  0.8
Polearms       | |  0.8
Staves         | |  0.8
Slings         | |  0.8
Bows           | |  0.8
Crossbows      | |  0.8
Throwing       | |  4.5
Armour         | |  2.6
Dodging        | |  2.6
Stealth        | |  0.8
Shields        | |  0.8
Unarmed Combat | |  0.8
Spellcasting   | |  2.8
Conjurations   | |  0.5
Hexes          | |  0.5
Summonings     | |  0.5
Necromancy     | |  0.5
Translocations | |  3.7
Transmutations | |  0.5
Fire Magic     | |  0.5
Ice Magic      | |  0.5
Air Magic      | |  0.5
Earth Magic    | |  0.5
Poison Magic   | |  0.5
Evocations     | |  4.5

Action                   || total
-------------------------++-------
Melee: Dagger            ||   100
       Bite              ||     9
  Use: Potion            ||     1
 Stab: Sleeping          ||     3
Armor: Robe              ||    21
Dodge: Dodged            ||    73

Table legend: (Time is in decaauts)
 A = Elapsed time spent in this place.
 B = Non-inter-level travel time spent in this place.
 C = Inter-level travel time spent in this place.
 D = Time resting spent in this place.
 E = Time spent auto-exploring this place.
 F = Levels seen in this place.
 G = Mean time per level.
                   A        B        C        D        E       F      G
               +--------+--------+--------+--------+--------+-----+--------+
         Total |   1621 |   1575 |     46 |    267 |   1066 |   2 |  810.5 |
       Dungeon |   1621 |   1575 |     46 |    267 |   1066 |   2 |  810.5 |
               +--------+--------+--------+--------+--------+-----+--------+

Top non-repeatable levels by time:
     D:1: 1602 daAuts
     D:2: 18 daAuts
